 Dungeon Crawl Stone Soup version 0.28.0 (webtiles) character file.

Game seed: 4617673991753684202

37 dolemite99 the Chopper (level 3, 31/31 HPs)
             Began as a Hill Orc Fighter on Feb 10, 2022.
             Was a Follower of Sif Muna.
             Quit the game on level 1 of the Dungeon.
             The game lasted 00:00:59 (807 turns).

dolemite99 the Chopper (Hill Orc Fighter)            Turns: 807, Time: 00:00:59

Health: 31/31      AC:  6    Str: 20    XL:     3   Next: 41%
Magic:  3/3        EV:  9    Int:  8    God:    Sif Muna [*.....]
Gold:   26         SH:  4    Dex: 10    Spells: 2/2 levels left

rFire   + . .      SeeInvis .   a - +0 war axe
rCold   . . .      Faith    .   c - +0 buckler
rNeg    . . .      Spirit   .   b - +0 scale mail
rPois   .          Reflect  .   (no helmet)
rElec   .          Harm     .   (no cloak)
rCorr   .          Rampage  .   (no gloves)
Will    .....                   (no boots)
Stlth   ..........              (no amulet)
HPRegen 0.10/turn               e - ring of protection from fire
MPRegen 0.08/turn               (no ring)

@: no status effects
A: no striking features
a: Renounce Religion, Channel Magic


You were on level 1 of the Dungeon.
You worshipped Sif Muna.
Sif Muna was aware of your devotion.
You visited 1 branch of the dungeon, and saw 1 of its levels.

You collected 26 gold pieces.

Inventory:

Hand Weapons
 a - a +0 war axe (weapon)
Missiles
 k - 50 sling bullets
Armour
 b - a +0 scale mail (worn)
 c - a +0 buckler (worn)
 g - a scarf of shadows
Jewellery
 e - a ring of protection from fire (left hand)
 j - a +4 ring of slaying
Scrolls
 l - a scroll of immolation {unknown}
Potions
 d - a potion of might
 f - 2 potions of curing {unknown}
 h - 2 potions of berserk rage {unknown}
 i - a potion of cancellation {unknown}
 m - a potion of magic {unknown}


   Skills:
 - Level 3.6 Fighting
 + Level 5.0 Axes
 - Level 3.2 Armour
 - Level 3.2 Shields


You had 2 spell levels left.
You didn't know any spells.
Your spell library was empty.

Dungeon Overview and Level Annotations

Branches:
Dungeon (1/15)

Altars:
Sif Muna


Message History

You barely miss the giant cockroach.
The giant cockroach is heavily wounded.
The giant cockroach closely misses you.
The giant cockroach bites you but does no damage.
You hit the giant cockroach but do no damage.
The giant cockroach is heavily wounded.
The giant cockroach bites you but does no damage.
You barely miss the giant cockroach.
The giant cockroach is heavily wounded.
The giant cockroach bites you but does no damage.
The giant cockroach barely misses you.
You hit the giant cockroach.
You kill the giant cockroach!
Your Axes skill increases to level 5!
No target in view!
An endoplasm comes into view.
The endoplasm quivers.
An endoplasm is nearby!
The endoplasm hits you but does no damage.
You slash the endoplasm!
You kill the endoplasm!
No target in view!
No target in view!
l - a scroll labelled NAODEBB KOSKO
m - a cyan potion No target in view!
No target in view!
No target in view!
Found a faded altar of an unknown god.
k - 50 sling bullets (gained 25)
There is an open door here.
Done exploring.
Done exploring.
There is a shaft here.
There is a faded altar of an unknown god here.
You cannot tell which god this altar belongs to.
Convert to them anyway?
Sif Muna accepts your prayer! Sif Muna welcomes you!
You can now call upon Sif Muna for magical energy.
Are you sure you want to abandon this character and quit the game? (Confirm with "yes".)

#...#...#........##.....#####....
#.#.#...#........##.>...'........
#.#.....#...............#####....
#.###...#........###.########...#
#.###.................##....#...#
#.......#...#####†##..##.........
####....##### #...##..##.........
#.#### ########..##.........
#.########..^@#.....#.........
#.##.......####..........#....
#.............................
####.......[.............#....
#................######....
#................# #....
#................# #....
#........######### #....
#........# ####....


There were no monsters in sight!

Vanquished Creatures
  A gnoll (D:1)
  5 endoplasms (D:1)
  3 giant cockroaches (D:1)
  3 goblins (D:1)
  A hobgoblin (D:1)
  3 quokkas (D:1)
  3 ball pythons (D:1)
  A bat (D:1)
  3 frilled lizards (D:1)
  A rat (D:1)
24 creatures vanquished.

Notes
Turn   | Place    | Note
-------+----------+-------------------------------------------
     0 | D:1      | dolemite99 the Hill Orc Fighter began the quest for the
                  | Orb.
     0 | D:1      | Reached XP level 1. HP: 19/19 MP: 1/1
    29 | D:1      | Reached skill level 3 in Axes
   313 | D:1      | Reached skill level 4 in Axes
   313 | D:1      | Reached XP level 2. HP: 19/26 MP: 2/2
   466 | D:1      | Reached XP level 3. HP: 31/31 MP: 3/3
   726 | D:1      | Reached skill level 5 in Axes
   751 | D:1      | Found a faded altar of an unknown god.
   806 | D:1      | Prayed at the altar of an unknown god.
   806 | D:1      | Became a worshipper of Sif Muna the Loreminder
   806 | D:1      | Reached * piety under Sif Muna
   807 | D:1      | Quit the game

Illustrated notes

Levels and vault maps discovered:
D:1:      wheals_arrival_shading, layout_basic,
          hellmonk_ecumenical_altar_leap_of_faith

Skill      XL: |  1  2  3 |
---------------+----------+-----
Axes           | 4 5 |  5.0
Fighting       | |  3.6
Armour         | |  3.2
Shields        | |  3.2

Action                   || total
-------------------------++-------
Melee: War axe           ||    51
Armor: Scale mail        ||    32
Dodge: Dodged            ||    25
Block: Buckler           ||    15
